 Dungeon Crawl Stone Soup version 0.31.0-12-g77e489cdc1 (webtiles) character file.

Game seed: 425303150054593687

1359 Irreverent the Covert (level 8, -2/44 HPs)
             Began as a Spriggan Brigand on Mar 4, 2024.
             Slain by a gnoll
             ... wielding a +0 spear of flaming
             ... led by a gnoll bouda
              (7 damage)
             ... on level 6 of the Dungeon.
             The game lasted 00:14:23 (6140 turns).

Irreverent the Covert (Spriggan Brigand)            Turns: 6140, Time: 00:14:24

Health: -2/44      AC:  3    Str:  7    XL:     8   Next: 37%
Magic:  12/12      EV: 18    Int: 12    God:
Gold:   147        SH:  0    Dex: 19    Spells: 8/11 levels left

rFire   + . .        b - +2 falchion (elec)
rCold   . . .        (no shield)
rNeg    . . .        E - +0 robe
rPois   .            (helmet restricted)
rElec   .            c - +0 cloak
rCorr   .            (gloves unavailable)
SInv    +            (boots unavailable)
Will    +....        (no amulet)
Stlth   ++++         F - ring of protection from fire
HPRegen 0.27/turn    Y - +4 ring of slaying
MPRegen 0.13/turn

%: no passive effects
@: studying Ice Magic, very quick
A: very small, no large weapons, unfitting armour, see invisible, speed 3
a: no special abilities


You were on level 6 of the Dungeon.
You visited 1 branch of the dungeon, and saw 6 of its levels.
You also visited: Ossuary.

You collected 306 gold pieces.
You spent 159 gold pieces at shops.


Innate Abilities, Weirdness & Mutations

You are very small and have problems with some larger weapons.
You are too small for most types of armour.
You have supernaturally acute eyesight. (SInv)
You cover ground extremely quickly. (Speed+++)


   Skills:
 - Level 6.0 Fighting
 - Level 4.0(4.6) Short Blades
 - Level 2.5(3.2) Long Blades
 - Level 4.0 Throwing
 - Level 3.0 Dodging
 - Level 8.0 Stealth
 - Level 2.0 Spellcasting
 + Level 2.0 Ice Magic


You had 8 spell levels left.
You knew the following spells:

 Your Spells              Type           Power      Damage    Failure   Level
f - Frozen Ramparts       Ice            12%        1d2       34%         3

Your spell library contained the following spells:

 Spells                   Type           Power      Damage    Failure   Level
 Freeze                   Ice            24%        1d4       12%         1
 Necrotise                Necr           4%         1d4       26%         1
 Hailstorm                Conj/Ice       3%         3d5       47%         3
 Dazzling Flash           Conj/Hex       2%         N/A       63%         3
 Vampiric Draining        Necr           1%         2d6       63%         3
 Volatile Blastmotes      Fire/Tloc      2%         2d10      63%         3
 Martyr's Knell           Necr/Summ      1%         N/A       95%         4
 Curse of Agony           Necr           1%         N/A       100%        5
 Starburst                Conj/Fire      0%         6d3       100%        6
 Maxwell's Capacitive Co  Air            0%         ∞         100%        8

Inventory:

Hand Weapons
 a - a +2 dagger
 b - a +2 falchion of electrocution (weapon)
 x - a +4 falchion
Missiles
 d - 5 poisoned darts
 e - a curare-tipped dart (quivered) {=f}
 y - a throwing net {=f}
Armour
 c - a +0 cloak (worn)
 E - a +0 robe (worn)
Magical Staves
 A - a staff of death {!a}
Jewellery
 F - a ring of protection from fire (left hand)
 Y - a +4 ring of slaying (right hand)
Wands
 r - a wand of roots (6)
Scrolls
 h - a scroll of brand weapon {unknown}
 l - 4 scrolls of teleportation {@r2}
 n - a scroll of blinking {unknown}
 p - a scroll of butterflies
 t - a scroll of amnesia {unknown}
 v - 2 scrolls of revelation
 w - a scroll of poison {unknown}
 B - a scroll of noise {unknown}
 G - a scroll of enchant weapon
 I - a scroll of silence {unknown}
Potions
 f - 2 potions of enlightenment {unknown}
 g - 2 potions of might {unknown}
 i - a potion of heal wounds {unknown}
 k - a potion of haste {unknown}
 m - a potion of mutation {unknown}
 o - 2 potions of brilliance
 q - 2 potions of ambrosia {unknown}
 s - 2 potions of berserk rage {!q}
 u - 3 potions of curing {unknown}
 z - a potion of magic {unknown}
 C - a potion of attraction {unknown}
 D - a potion of lignification {unknown}
 H - a potion of resistance {unknown}

Dungeon Overview and Level Annotations

Branches:
Dungeon (6/15)            Ossuary (visited)
 Temple: D:4-7

Altars:
Dithmenos
Elyvilon
Hepliaklqana
Trog
Wu Jian
The Shining One

Shops:
D:4

( #.# .# ### #..
.# #...#.. #
###.### #...#..
#....... ....!..
.#...## .......
.....#
.......####...#
......g@).....#
...$.#.#####..#
.## #........#
#######'##
##...## ##.....##
### #.......##
##.#
#.........####.<.
+......>..'†.....


You could see a gnoll.


Message History

The adder completely misses you.
Unknown command.
You miss the adder.
The adder is heavily wounded.
You feel sick.
The gnoll hits you from afar with a +0 spear of flaming.
* * * LOW HITPOINT WARNING * * *
The adder bites you but does no damage.
You hit the adder. Lightning courses through the adder!
You kill the adder!
You feel sick. The gnoll misses you.
Your Ice Magic skill increases to level 2!
Unknown command.
You feel sick.
The gnoll hits you with a +0 spear of flaming.
* * * LOW HITPOINT WARNING * * *
Things that are here:
a +0 whip; a +0 robe; a gnoll corpse You hit the gnoll.
The gnoll is heavily wounded.
You feel sick.
You are no longer poisoned.
The gnoll hits you with a +0 spear of flaming!
* * * LOW HITPOINT WARNING * * *
The gnoll burns you.
* * * LOW HITPOINT WARNING * * *
You hit the gnoll.
The gnoll is almost dead.
The gnoll hits you with a +0 spear of flaming!
You die...

Skill      XL: |  1  2  3  4  5  6  7  8 |
---------------+-------------------------+-----
Fighting       | 2 3 4 5 6 |  6.0
Short Blades   | 3 4 |  4.0
Throwing       | 3 4 |  4.0
Stealth        | 8 |  8.0
Dodging        | 2 3 |  3.0
Long Blades    | 1 2 |  2.5
Spellcasting   | 2 |  2.0
Ice Magic      | 2 |  2.0

Action                     |  1- 3 |  4- 6 |  7- 9 || total
---------------------------+-------+-------+-------++-------
  Melee: Dagger            |    88 |    66 |   173 ||   327
         Punch             |     1 |     1 |     5 ||     7
         Falchion          |       |       |    32 ||    32
  Throw: Dart              |    10 |     9 |    12 ||    31
  Evoke: Wand              |       |       |     7 ||     7
    Use: Scroll            |       |       |     6 ||     6
   Stab: Sleeping          |    10 |    17 |    12 ||    39
 Armour: Robe              |    31 |     9 |    91 ||   131
  Dodge: Dodged            |    43 |    30 |   189 ||   262

Levels and vault maps discovered:
D:1:      roderic_dead_forest, layout_basic, grunt_decor_mini_mirrors
D:2:      layout_basic, minmay_misc_feat_cross, minmay_tromino_mix6,
          uniq_jessica
D:3:      layout_basic, mainiacjoe_overflow_alcove_2, st_stairs_9,
          minmay_splitting_lines, minmay_fractal_squares_5,
          uniq_crazy_yiuf_cottage, uniq_terence
D:4:      layout_layer_cave, mainiacjoe_overflow_tiny_flanked,
          chequers_ossuary_entry_cave, serial_shops, shop,
          nicolae_underground_beach, uniq_sigmund
D:5:      layout_loops_ring, elyvilon_altar_4,
          nicolae_hepliaklqana_monster_ancestors, grunt_dithmenos_smoke,
          nicolae_wu_jian_glorious_leap, minmay_manual_mares
D:6:      layout_loops_corners, minmay_temple_entry_large_hall, uniq_pikel,
          uniq_maggie

Notes
Turn   | Place    | Note
-------+----------+-------------------------------------------
     0 | D:1      | Irreverent the Spriggan Brigand began the quest for the
                  | Orb.
     0 | D:1      | Reached XP level 1. HP: 10/10 MP: 2/2
    62 | D:1      | Reached skill level 2 in Fighting
   148 | D:1      | Reached XP level 2. HP: 15/15 MP: 3/3
   824 | D:2      | Noticed Jessica
   841 | D:2      | Killed Jessica
   842 | D:2      | Reached skill level 3 in Fighting
   842 | D:2      | Reached XP level 3. HP: 19/20 MP: 4/4
   870 | D:2      | Reached skill level 3 in Short Blades
  1152 | D:2      | Reached XP level 4. HP: 16/24 MP: 5/5
  1627 | D:3      | Reached skill level 4 in Short Blades
  1889 | D:3      | Noticed Terence
  1910 | D:3      | Killed Terence
  1911 | D:3      | Reached skill level 3 in Throwing
  1911 | D:3      | Reached XP level 5. HP: 28/28 MP: 6/6
  1944 | D:3      | Noticed an ice beast
  1951 | D:3      | Killed an ice beast
  1952 | D:3      | Reached skill level 4 in Throwing
  1952 | D:3      | Reached skill level 6 in Stealth
  2177 | D:3      | Found a bloodstained altar of Trog.
  2322 | D:4      | Noticed Sigmund
  2325 | D:4      | Killed Sigmund
  2326 | D:4      | Reached skill level 7 in Stealth
  2326 | D:4      | Reached skill level 8 in Stealth
  2326 | D:4      | Reached XP level 6. HP: 32/32 MP: 7/7
  2349 | D:4      | Found a sand-covered staircase.
  2358 | Ossuary  | Entered an ossuary
  2412 | Ossuary  | Reached skill level 4 in Fighting
  2542 | Ossuary  | Reached skill level 2 in Dodging
  2542 | Ossuary  | Reached XP level 7. HP: 37/37 MP: 8/8
  2613 | Ossuary  | Reached skill level 3 in Dodging
  3072 | D:4      | Reached skill level 5 in Fighting
  3767 | D:4      | Found Etrurun's Weapon Boutique.
  3777 | D:4      | Bought a +1 falchion of electrocution for 159 gold pieces
  3819 | D:4      | Found a glowing golden altar of the Shining One.
  4672 | D:4      | Identified the +5 ring mail of the Harvest {Slay+2 SInv}
  4684 | D:5      | Entered Level 5 of the Dungeon
  5061 | D:5      | Found a white marble altar of Elyvilon.
  5107 | D:5      | Reached skill level 1 in Long Blades
  5202 | D:5      | Reached XP level 8. HP: 44/44 MP: 9/9
  5290 | D:5      | Reached skill level 1 in Spellcasting
  5317 | D:5      | Reached skill level 2 in Long Blades
  5333 | D:5      | Reached skill level 2 in Spellcasting
  5566 | D:5      | Found an ornate altar of the Wu Jian Council.
  5760 | D:5      | Found a hazy altar of Hepliaklqana.
  5936 | D:5      | Found a shadowy altar of Dithmenos.
  6057 | D:5      | Learned a level 3 spell: Frozen Ramparts
  6101 | D:6      | Reached skill level 6 in Fighting
  6120 | D:6      | Reached skill level 1 in Ice Magic
  6138 | D:6      | Reached skill level 2 in Ice Magic
  6140 | D:6      | Slain by a gnoll

Vanquished Creatures
  Sigmund (D:4)
  An ice beast (D:3)
  2 centaurs (D:5)
  A phantom (D:5)
  A burial acolyte (Ossuary)
  5 wights (Ossuary)
  2 bombardier beetles
  A howler monkey (D:5)
  2 gnoll boudas
  A jelly (D:5)
  An orc priest (D:5)
  Jessica (D:2)
  Terence (D:3)
  2 iguanas
  A sleepcap (D:5)
  6 gnolls
  6 adders
  A shadow imp (D:5)
  2 ufetubi (D:5)
  An adder skeleton (Ossuary)
  A dart slug (D:3)
  2 ribbon worms
  6 orcs
  3 ball pythons
  5 bats
  6 endoplasms
  4 giant cockroaches
  4 hobgoblins
  4 quokkas
  A ball python skeleton (Ossuary)
  4 frilled lizards
  7 goblins
  2 hobgoblin skeletons (Ossuary)
  4 kobolds
  A kobold skeleton (Ossuary)
  3 orc skeletons (Ossuary)
  8 rats
  A spectral hobgoblin (D:5)
105 creatures vanquished.

Vanquished Creatures (others)
  A quokka (D:5)
1 creature vanquished.

Grand Total: 106 creatures vanquished

Table legend: (Time is in decaauts)
 A = Elapsed time spent in this place.
 B = Non-inter-level travel time spent in this place.
 C = Inter-level travel time spent in this place.
 D = Time resting spent in this place.
 E = Time spent auto-exploring this place.
 F = Levels seen in this place.
 G = Mean time per level.
                   A        B        C        D        E       F      G
               +--------+--------+--------+--------+--------+-----+--------+
         Total |   4425 |   4307 |    118 |   1082 |   2245 |   7 |  632.1 |
       Dungeon |   3973 |   3855 |    118 |    887 |   2233 |   6 |  662.2 |
       Ossuary |    452 |    452 |      0 |    194 |     11 |   1 |  452.0 |
               +--------+--------+--------+--------+--------+-----+--------+

Top non-repeatable levels by time:
     D:4: 1488 daAuts
     D:5: 874 daAuts
     D:3: 689 daAuts
     D:2: 475 daAuts
 Ossuary: 452 daAuts
     D:1: 407 daAuts
     D:6: 37 daAuts

Table legend:
 A = Non-vault XP
 B = Vault XP
 C = Vault XP percentage of total XP
 D = Non-vault monster count
 E = Vault monster count
 F = Vault count percentage of total count
                 A         B        C        D         E       F
            +---------+---------+-------+---------+---------+-------
      Total |     881 |    1061 |  54.6 |      75 |      30 |  28.6
            +---------+---------+-------+---------+---------+-------
        D:1 |      21 |       0 |   0.0 |      13 |       0 |   0.0
        D:2 |      24 |      56 |  70.0 |      14 |       5 |  26.3
        D:3 |     151 |      97 |  39.1 |      10 |       6 |  37.5
        D:4 |     156 |     223 |  58.8 |      16 |       1 |   5.9
        D:5 |     415 |     233 |  36.0 |      17 |       4 |  19.0
        D:6 |     114 |       0 |   0.0 |       5 |       0 |   0.0
    Ossuary |       0 |     452 | 100.0 |       0 |      14 | 100.0
            +---------+---------+-------+---------+---------+-------
